Espoo Blues vs Providence Bruins
Created - Thursday, May 18, 2023 at 07:01
Goals
|
| Espoo Blues |
0 |
3 |
2 |
5 |
| Providence Bruins |
2 |
3 |
2 |
7 |
|
Shots
|
| Espoo Blues |
9 |
21 |
13 |
43 |
| Providence Bruins |
9 |
15 |
12 |
36 |
|
1st period
1. Providence Bruins , Logan Hutsko 8 (Nikolai Knyzhov 20, Michal Teply 24) at 1:13
2. Providence Bruins , Joe Veleno 30 (Nikolai Knyzhov 21) at 16:01
Penalties :
Kyle Capobianco (PRB) for Interference (Minor) at 5:20, Jack Studnicka (PRB) for Hooking (Minor) at 16:35
2nd period
3. Providence Bruins , John-Jason Peterka 29 (Jordan Spence 32, Jack Studnicka 27) at 2:44
4. Espoo Blues , Stefan Noesen 43 (Anton Blidh 5, Derek Grant 33) at 3:14
5. Espoo Blues , Patric Hornqvist 16 (Michael Stone 26) at 8:32
6. Providence Bruins , Nicholas Merkley 7 (John-Jason Peterka 36, Samuel Bolduc 1) at 17:22
7. Espoo Blues , Joe Snively 19 (Gavin Bayreuther 6, Derick Brassard 54) at 19:15
8. Providence Bruins , Brandon Coe 8 (Kyle Capobianco 3, Jordy Bellerive 12) at 19:53
Penalties :
Austin Wagner (PRB) for Hooking (Minor) at 0:19, Kyle Capobianco (PRB) for Tripping (Minor) at 3:19
3rd period
9. Espoo Blues , Michael Stone 9 (Derick Brassard 55, Joe Snively 25) at 5:09 (PP)
10. Providence Bruins , Michal Teply 12 (Brandon Coe 6, Nikolai Knyzhov 22) at 6:28
11. Espoo Blues , Joe Snively 20 (Mattias Samuelsson 22, Michael Stone 27) at 10:02
12. Providence Bruins , Brandon Coe 9 (Samuel Bolduc 2, Kyle Capobianco 4) at 17:22
Penalties :
Austin Wagner (PRB) for Holding (Minor) at 5:02, Cam York (ESP) for Hooking (Minor) at 7:13, Anton Blidh (ESP) for Hooking (Minor) at 13:03, Austin Wagner (PRB) for Diving (Minor) at 15:06
Goalie Stats
Spencer Knight (ESP), 14 saves from 17 shots - (0.824), L, 21-9-2, 22:38 minutes
Stuart Skinner (ESP), 15 saves from 19 shots - (0.789), 37:22 minutes
Trent Miner (PRB), 38 saves from 43 shots - (0.884), W, 3-8-0, 60:00 minutes
Players Stats for Espoo Blues
Player Name G A P +/- PIM S H SB GA TA FO MP PP MP PK MP
------------------------------------------------------------------------------------
Anton Blidh 0 1 1 -2 2 2 2 0 0 0 0/1 18:24 4:50 0:00
Cam York 0 0 0 -1 2 1 2 1 0 1 0/0 20:49 4:33 0:42
Chad Ruhwedel 0 0 0 -2 0 0 0 0 0 2 0/0 20:19 4:33 1:26
Corey Schueneman 0 0 0 -2 0 0 2 0 0 0 0/0 5:48 0:00 0:00
Derek Grant 0 1 1 -2 0 5 3 0 1 0 12/24 19:57 4:50 1:59
Derick Brassard 0 2 2 -1 0 7 0 0 1 0 10/18 20:49 5:10 1:31
Fredrik Karlstrom 0 0 0 2 0 2 1 0 1 0 1/4 13:49 0:00 0:28
Gavin Bayreuther 0 1 1 0 0 1 0 2 0 0 0/0 12:12 0:00 0:00
Joe Snively 2 1 3 0 0 7 2 0 0 0 0/2 20:11 5:08 0:28
Logan O'Connor 0 0 0 -2 0 1 1 0 1 0 0/1 19:03 0:28 1:59
Mattias Janmark 0 0 0 0 0 0 0 0 0 0 0/0 1:50 0:06 1:31
Mattias Samuelsson 0 1 1 -1 0 3 1 1 0 1 0/0 27:29 5:29 2:32
Michael Stone 1 2 3 -1 0 5 2 1 1 0 0/0 27:04 5:29 2:32
Patric Hornqvist 1 0 1 1 0 1 3 1 0 1 0/0 16:35 4:22 0:00
Ridly Greig 0 0 0 1 0 0 0 1 0 0 0/0 12:27 0:00 0:00
Stefan Noesen 1 0 1 -3 0 6 5 0 1 0 1/1 20:30 5:12 0:00
Urho Vaakanainen 0 0 0 0 0 1 0 2 0 0 0/0 12:56 0:00 0:44
Viktor Lodin 0 0 0 -2 0 1 1 0 0 0 2/2 5:48 0:00 0:00
Players Stats for Providence Bruins
Player Name G A P +/- PIM S H SB GA TA FO MP PP MP PK MP
------------------------------------------------------------------------------------
Austin Wagner 0 0 0 2 6 0 1 1 0 0 1/1 13:30 0:13 0:03
Brandon Coe 2 1 3 1 0 3 2 0 0 0 0/0 11:45 0:00 0:00
Cole Schwindt 0 0 0 1 0 0 2 1 0 0 1/2 14:46 2:05 0:00
Jack Studnicka 0 1 1 2 2 1 3 0 0 0 1/1 17:47 1:55 3:36
Jacob Moverare 0 0 0 0 0 1 0 0 0 0 0/0 22:25 2:00 4:38
Jared McIsaac 0 0 0 -1 0 2 0 1 0 0 0/0 15:17 0:00 1:30
Joe Veleno 1 0 1 1 0 4 1 0 0 1 7/17 19:39 1:53 5:01
John-Jason Peterka 1 1 2 2 0 5 1 0 0 1 5/12 18:28 1:53 4:20
Jordan Spence 0 1 1 4 0 2 1 3 0 2 0/0 23:48 1:58 5:24
Jordy Bellerive 0 1 1 1 0 5 1 0 1 0 7/10 13:26 0:00 1:19
Kyle Capobianco 0 2 2 0 4 1 2 1 0 1 0/0 21:36 2:00 2:46
Logan Hutsko 1 0 1 -1 0 1 1 0 1 0 1/2 9:08 0:10 0:03
Marc Del Gaizo 0 0 0 -1 0 1 0 0 1 0 0/1 9:09 0:00 0:22
Mason Millman 0 0 0 -1 0 0 2 1 0 0 0/0 8:47 0:00 0:00
Michal Teply 1 1 2 1 0 5 0 0 1 0 1/1 14:59 1:52 1:00
Nicholas Merkley 1 0 1 1 0 3 1 0 0 1 3/6 17:47 1:53 4:42
Nikolai Knyzhov 0 3 3 4 0 1 3 1 1 0 0/0 23:48 1:58 5:24
Samuel Bolduc 0 2 2 -1 0 1 0 1 0 0 0/0 13:47 0:00 0:00
3 Stars
1 - Brandon Coe (PRB)
2 - Nikolai Knyzhov (PRB)
3 - Joe Snively (ESP)
Power Play
Espoo Blues - 1 on 6 Attempt(s) - 16.67%
Providence Bruins - 0 on 2 Attempt(s) - 0.00%
Penalty Kill
Espoo Blues - 2 on 2 Attempt(s) - 100.00%
- Score 0 goal in Penalty Kill
Providence Bruins - 5 on 6 Attempt(s) - 83.33%
- Score 0 goal in Penalty Kill
Team Stat
Espoo Blues - Hits : 25 - Faceoff Wins : 26 - Blocked Shots : 9 - Penalty Minutes : 4
Providence Bruins - Hits : 21 - Faceoff Wins : 27 - Blocked Shots : 10 - Penalty Minutes : 12
Official
Referees : Brad Meier and Chris Rooney
Linesman : Brian Murphy and Tim Nowak
Game Notes
Spencer Knight enters game at 17:22 of 2nd period
Espoo Blues
5 vs 5 Forward
Center Left Wing Right Wing Time % Phy DF OF
1 Derick Brassard Joe Snively Logan O'Connor 37 1 1 2
2 Derek Grant Anton Blidh Stefan Noesen 36 1 2 2
3 Fredrik Karlstrom Ridly Greig Patric Hornqvist 22 1 2 2
4 Viktor Lodin Corey Schueneman Stefan Noesen 5 1 2 2
5 vs 5 Defense
Defense Defense Time % Phy DF OF
1 Mattias Samuelsson Michael Stone 41 1 2 2
2 Chad Ruhwedel Cam York 32 1 2 2
3 Urho Vaakanainen Gavin Bayreuther 20 1 2 2
4 Mattias Samuelsson Cam York 7 1 2 2
PowerPlay Forward
Center Left Wing Right Wing Time % Phy DF OF
1 Derick Brassard Joe Snively Stefan Noesen 62 1 2 2
2 Derek Grant Anton Blidh Patric Hornqvist 38 1 2 2
PowerPlay Defense
Defense Defense Time % Phy DF OF
1 Mattias Samuelsson Michael Stone 60 1 2 2
2 Chad Ruhwedel Cam York 40 1 2 2
Penalty Kill 4 Players Forward
Center Wing Time % Phy DF OF
1 Derek Grant Logan O'Connor 60 1 2 2
2 Derick Brassard Mattias Janmark 40 1 2 2
Penalty Kill 4 Players Defense
Defense Defense Time % Phy DF OF
1 Mattias Samuelsson Michael Stone 60 1 2 2
2 Chad Ruhwedel Cam York 40 1 2 2
Penalty Kill - 3 Players Forward
Forward Time % Phy DF OF
1 Derek Grant 60 1 2 2
2 Derick Brassard 40 1 2 2
Penalty Kill - 3 Players Defense
Defense Defense Time % Phy DF OF
1 Mattias Samuelsson Michael Stone 60 1 2 2
2 Chad Ruhwedel Cam York 40 1 2 2
4 vs 4 Forward
Center Wing Time % Phy DF OF
1 Derek Grant Stefan Noesen 60 1 2 2
2 Derick Brassard Joe Snively 40 1 2 2
4 vs 4 Defense
Defense Defense Time % Phy DF OF
1 Mattias Samuelsson Michael Stone 60 1 2 2
2 Chad Ruhwedel Cam York 40 1 2 2
Last Minutes Offensive
Center Left Wing Right Wing Defense Defense
Derek Grant Joe Snively Stefan Noesen Mattias Samuelsson Michael Stone
Last Minutes Defensive
Center Left Wing Right Wing Defense Defense
Derek Grant Derick Brassard Logan O'Connor Mattias Samuelsson Michael Stone
Goaltenders
Starting : Stuart Skinner
Backup : Spencer Knight
Extra Forwards
Normal : Stefan Noesen, Joe Snively, Derick Brassard - PP : Stefan Noesen, Joe Snively - PK : Logan O'Connor
Extra Defensemen
Normal : Cam York, Mattias Samuelsson, Michael Stone - PP : Michael Stone - PK : Urho Vaakanainen, Gavin Bayreuther
Penalty Shots
Stefan Noesen, Patric Hornqvist, Joe Snively, Anton Blidh, Viktor Lodin
Providence Bruins
5 vs 5 Forward
Center Left Wing Right Wing Time % Phy DF OF
1 Joe Veleno Austin Wagner Cole Schwindt 30 1 2 2
2 John-Jason Peterka Jack Studnicka Nicholas Merkley 30 1 2 2
3 Jordy Bellerive Michal Teply Brandon Coe 25 1 2 2
4 Logan Hutsko Marc Del Gaizo Mason Millman 15 1 2 2
5 vs 5 Defense
Defense Defense Time % Phy DF OF
1 Jordan Spence Nikolai Knyzhov 35 1 2 2
2 Kyle Capobianco Jacob Moverare 35 1 2 2
3 Samuel Bolduc Jared McIsaac 30 1 2 2
4 Jordan Spence Nikolai Knyzhov 0 1 2 2
PowerPlay Forward
Center Left Wing Right Wing Time % Phy DF OF
1 Joe Veleno John-Jason Peterka Nicholas Merkley 50 1 2 2
2 Jack Studnicka Michal Teply Cole Schwindt 50 1 2 2
PowerPlay Defense
Defense Defense Time % Phy DF OF
1 Jordan Spence Nikolai Knyzhov 50 1 2 2
2 Kyle Capobianco Jacob Moverare 50 1 2 2
Penalty Kill 4 Players Forward
Center Wing Time % Phy DF OF
1 Nicholas Merkley Joe Veleno 50 1 2 2
2 John-Jason Peterka Jack Studnicka 50 1 2 2
Penalty Kill 4 Players Defense
Defense Defense Time % Phy DF OF
1 Jordan Spence Nikolai Knyzhov 50 1 2 2
2 Kyle Capobianco Jacob Moverare 50 1 2 2
Penalty Kill - 3 Players Forward
Forward Time % Phy DF OF
1 Nicholas Merkley 50 1 2 2
2 Joe Veleno 50 1 2 2
Penalty Kill - 3 Players Defense
Defense Defense Time % Phy DF OF
1 Jordan Spence Nikolai Knyzhov 50 1 2 2
2 Kyle Capobianco Jacob Moverare 50 1 2 2
4 vs 4 Forward
Center Wing Time % Phy DF OF
1 Nicholas Merkley Joe Veleno 50 1 2 2
2 John-Jason Peterka Jack Studnicka 50 1 2 2
4 vs 4 Defense
Defense Defense Time % Phy DF OF
1 Jordan Spence Nikolai Knyzhov 50 1 2 2
2 Kyle Capobianco Jacob Moverare 50 1 2 2
Last Minutes Offensive
Center Left Wing Right Wing Defense Defense
Joe Veleno John-Jason Peterka Nicholas Merkley Jordan Spence Nikolai Knyzhov
Last Minutes Defensive
Center Left Wing Right Wing Defense Defense
Joe Veleno John-Jason Peterka Nicholas Merkley Jordan Spence Nikolai Knyzhov
Goaltenders
Starting : Trent Miner
Backup : Zachary Emond
Extra Forwards
Normal : Austin Wagner, Logan Hutsko, Jordy Bellerive - PP : Austin Wagner, Logan Hutsko - PK : Jordy Bellerive
Extra Defensemen
Normal : Samuel Bolduc, Jared McIsaac, Marc Del Gaizo - PP : Samuel Bolduc - PK : Jared McIsaac, Marc Del Gaizo
Penalty Shots
Nicholas Merkley, Joe Veleno, John-Jason Peterka, Jack Studnicka, Cole Schwindt
% Time on Ice - Espoo Blues
Lines # - Real PCT - Wanted PCT - Time Play
Normal Forward
1 - 32% - 37% - 14:37
2 - 29% - 36% - 13:08
3 - 27% - 22% - 12:27
4 - 13% - 5% - 5:48
Normal Defense
1 - 41% - 41% - 19:03
2 - 31% - 32% - 14:20
3 - 27% - 20% - 12:12
4 - 1% - 7% - 0:25
PP Forward
1 - 52% - 62% - 5:12
2 - 48% - 38% - 4:50
PP Defense
1 - 55% - 60% - 5:29
2 - 45% - 40% - 4:33
PK Forward
1 - 84% - 60% - 3:21
2 - 16% - 40% - 0:37
PK Defense
1 - 64% - 60% - 2:32
2 - 36% - 40% - 1:26
PK3 Forward
1 - 0% - 60%
2 - 0% - 40%
PK3 Defense
1 - 0% - 60%
2 - 0% - 40%
44 Forward
1 - 0% - 60%
2 - 0% - 40%
44 Defense
1 - 0% - 60%
2 - 0% - 40%
Last Minute Offensive - 0:00
Last Minute Defensive - 0:00
Total
Forward - 60:00
Defense - 60:00
|
% Time on Ice - Providence Bruins
Lines # - Real PCT - Wanted PCT - Time Play
Normal Forward
1 - 28% - 30% - 12:45
2 - 28% - 30% - 12:43
3 - 26% - 25% - 11:45
4 - 19% - 15% - 8:47
Normal Defense
1 - 36% - 35% - 16:26
2 - 34% - 35% - 15:47
3 - 30% - 30% - 13:47
4 - 0% - 0% - 0:00
PP Forward
1 - 47% - 50% - 1:53
2 - 53% - 50% - 2:05
PP Defense
1 - 50% - 50% - 1:58
2 - 50% - 50% - 2:00
PK Forward
1 - 50% - 50% - 5:04
2 - 50% - 50% - 4:58
PK Defense
1 - 54% - 50% - 5:24
2 - 46% - 50% - 4:38
PK3 Forward
1 - 0% - 50%
2 - 0% - 50%
PK3 Defense
1 - 0% - 50%
2 - 0% - 50%
44 Forward
1 - 0% - 50%
2 - 0% - 50%
44 Defense
1 - 0% - 50%
2 - 0% - 50%
Last Minute Offensive - 0:00
Last Minute Defensive - 0:00
Total
Forward - 60:00
Defense - 60:00
|
Play-by-Play
1st period
0:01 of 1st period - Joe Veleno wins face-off versus Joe Snively in neutral zone.
0:26 of 1st period - John-Jason Peterka is hit by Stefan Noesen and loses puck.
0:53 of 1st period - Jordan Spence is hit by Fredrik Karlstrom.
1:13 of 1st period - Snap shot by Logan Hutsko.
1:13 of 1st period - Goal by Logan Hutsko - Espoo Blues : 0 - Providence Bruins : 1.
1:14 of 1st period - Stefan Noesen wins face-off versus Joe Veleno in neutral zone.
2:53 of 1st period - Snap shot by Jordy Bellerive.
2:53 of 1st period - Shot Misses the Net.
2:55 of 1st period - Slapshot by Samuel Bolduc.
2:55 of 1st period - Shot Blocked by Urho Vaakanainen.
2:57 of 1st period - Snap shot by Jordy Bellerive.
2:57 of 1st period - Stopped by Stuart Skinner with a rebound.
2:59 of 1st period - Slapshot by Jared McIsaac.
2:59 of 1st period - Shot Misses the Net.
3:01 of 1st period - Slapshot by Jared McIsaac.
3:01 of 1st period - Shot Misses the Net.
3:03 of 1st period - Slapshot by Brandon Coe.
3:03 of 1st period - Stopped by Stuart Skinner with a rebound.
3:05 of 1st period - Snap shot by Samuel Bolduc.
3:05 of 1st period - Shot Misses the Net.
3:29 of 1st period - Snap shot by Michal Teply.
3:29 of 1st period - Shot Blocked by Urho Vaakanainen.
3:31 of 1st period - Snap shot by Michal Teply.
3:31 of 1st period - Shot Misses the Net.
4:01 of 1st period - Snap shot by Michal Teply.
4:01 of 1st period - Shot Misses the Net.
4:03 of 1st period - Wrist shot by Jared McIsaac.
4:03 of 1st period - Deflect By Michal Teply.
4:03 of 1st period - Shot Misses the Net.
4:03 of 1st period - Puck is out of play.
4:04 of 1st period - Joe Veleno wins face-off versus Derick Brassard in Espoo Blues zone.
4:19 of 1st period - Wrist shot by Austin Wagner.
4:19 of 1st period - Shot Misses the Net.
4:29 of 1st period - Mattias Samuelsson is hit by Kyle Capobianco and loses puck.
4:42 of 1st period - Backhand shot by Derick Brassard.
4:42 of 1st period - Stopped by Trent Miner with a rebound.
4:54 of 1st period - Slapshot by Joe Snively.
4:54 of 1st period - Stopped by Trent Miner without a rebound.
4:55 of 1st period - Derek Grant wins face-off versus John-Jason Peterka in Providence Bruins zone.
4:56 of 1st period - Slapshot by Stefan Noesen.
4:56 of 1st period - Shot Misses the Net.
4:58 of 1st period - Snap shot by Anton Blidh.
4:58 of 1st period - Deflect By Stefan Noesen.
4:58 of 1st period - Shot Hit the Post.
4:58 of 1st period - Puck is out of play.
4:59 of 1st period - Derek Grant wins face-off versus John-Jason Peterka in Providence Bruins zone.
5:20 of 1st period - Minor Penalty to Kyle Capobianco for Interference.
5:21 of 1st period - Nicholas Merkley wins face-off versus Derick Brassard in Providence Bruins zone.
5:21 of 1st period - Nicholas Merkley is hit by Joe Snively.
6:13 of 1st period - Cam York is hit by Jack Studnicka.
7:20 of 1st period - Penalty to Kyle Capobianco is over, Kyle Capobianco is back on ice.
7:28 of 1st period - Chad Ruhwedel is hit by Nikolai Knyzhov and loses puck.
7:41 of 1st period - Snap shot by Derek Grant.
7:41 of 1st period - Stopped by Trent Miner without a rebound.
7:42 of 1st period - Viktor Lodin wins face-off versus Marc Del Gaizo in Providence Bruins zone.
7:43 of 1st period - Wrist shot by Stefan Noesen.
7:43 of 1st period - Shot Blocked by Samuel Bolduc.
7:57 of 1st period - Wrist shot by Marc Del Gaizo.
7:57 of 1st period - Stopped by Stuart Skinner with a rebound.
8:14 of 1st period - Wrist shot by Nicholas Merkley.
8:14 of 1st period - Shot Misses the Net.
8:16 of 1st period - Snap shot by Nicholas Merkley.
8:16 of 1st period - Shot Misses the Net.
8:26 of 1st period - Michael Stone is hit by Joe Veleno and loses puck.
8:52 of 1st period - Slapshot by Michal Teply.
8:52 of 1st period - Shot Misses the Net.
9:30 of 1st period - Nikolai Knyzhov is hit by Patric Hornqvist and loses puck.
10:13 of 1st period - Jacob Moverare is hit by Mattias Samuelsson and loses puck.
11:19 of 1st period - Fredrik Karlstrom is hit by Jordan Spence and loses puck.
11:37 of 1st period - Icing by Kyle Capobianco.
11:38 of 1st period - Jordy Bellerive wins face-off versus Anton Blidh in Providence Bruins zone.
11:38 of 1st period - Jordy Bellerive is hit by Anton Blidh.
12:58 of 1st period - Icing by Mattias Samuelsson.
12:59 of 1st period - Fredrik Karlstrom wins face-off versus Joe Veleno in Espoo Blues zone.
13:46 of 1st period - Derek Grant is hit by Brandon Coe and loses puck.
13:53 of 1st period - Wrist shot by Jordy Bellerive.
13:53 of 1st period - Stopped by Stuart Skinner with a rebound.
13:55 of 1st period - Wrist shot by Michal Teply.
13:55 of 1st period - Stopped by Stuart Skinner without a rebound.
13:56 of 1st period - Derick Brassard wins face-off versus Cole Schwindt in Espoo Blues zone.
14:07 of 1st period - Snap shot by Derick Brassard.
14:07 of 1st period - Stopped by Trent Miner with a rebound.
14:09 of 1st period - Snap shot by Mattias Samuelsson.
14:09 of 1st period - Stopped by Trent Miner without a rebound.
14:10 of 1st period - Derek Grant wins face-off versus John-Jason Peterka in Providence Bruins zone.
14:17 of 1st period - Nicholas Merkley is hit by Stefan Noesen.
14:42 of 1st period - Icing by Austin Wagner.
14:43 of 1st period - Derick Brassard wins face-off versus Joe Veleno in Providence Bruins zone.
14:52 of 1st period - Slapshot by Cole Schwindt.
14:52 of 1st period - Shot Misses the Net.
14:58 of 1st period - Snap shot by Joe Veleno.
14:58 of 1st period - Stopped by Stuart Skinner without a rebound.
14:59 of 1st period - Derek Grant wins face-off versus John-Jason Peterka in Espoo Blues zone.
15:10 of 1st period - Wrist shot by Derek Grant.
15:10 of 1st period - Shot Misses the Net.
15:30 of 1st period - Slapshot by Derek Grant.
15:30 of 1st period - Shot Blocked by Jordan Spence.
15:32 of 1st period - Snap shot by Stefan Noesen.
15:32 of 1st period - Stopped by Trent Miner with a rebound.
15:34 of 1st period - Slapshot by Michael Stone.
15:34 of 1st period - Stopped by Trent Miner with a rebound.
15:36 of 1st period - Snap shot by Derek Grant.
15:36 of 1st period - Stopped by Trent Miner with a rebound.
15:38 of 1st period - Wrist shot by Stefan Noesen.
15:38 of 1st period - Shot Blocked by Nikolai Knyzhov.
15:40 of 1st period - Snap shot by Stefan Noesen.
15:40 of 1st period - Stopped by Trent Miner with a rebound.
15:56 of 1st period - Derick Brassard is hit by Austin Wagner and loses puck.
16:01 of 1st period - Wrist shot by Joe Veleno.
16:01 of 1st period - Goal by Joe Veleno - Espoo Blues : 0 - Providence Bruins : 2.
16:02 of 1st period - John-Jason Peterka wins face-off versus Joe Snively in neutral zone.
16:05 of 1st period - Slapshot by Nicholas Merkley.
16:05 of 1st period - Shot Misses the Net.
16:13 of 1st period - Kyle Capobianco is hit by Logan O'Connor and loses puck.
16:35 of 1st period - Minor Penalty to Jack Studnicka for Hooking.
16:36 of 1st period - Nicholas Merkley wins face-off versus Derek Grant in Providence Bruins zone.
18:35 of 1st period - Penalty to Jack Studnicka is over, Jack Studnicka is back on ice.
19:02 of 1st period - Slapshot by Joe Veleno.
19:02 of 1st period - Stopped by Stuart Skinner with a rebound.
19:04 of 1st period - Slapshot by Samuel Bolduc.
19:04 of 1st period - Shot Misses the Net.
19:50 of 1st period - Derek Grant is hit by Mason Millman.
19:51 of 1st period - Icing by Derek Grant.
19:52 of 1st period - Logan Hutsko wins face-off versus Derek Grant in Espoo Blues zone.
19:59 of 1st period - Snap shot by Logan Hutsko.
19:59 of 1st period - Shot Misses the Net.
Goals for this period are 0 for Espoo Blues vs 2 for Providence Bruins.
Shots for this period are 9 for Espoo Blues vs 9 for Providence Bruins.
2nd period
0:01 of 2nd period - Derek Grant wins face-off versus Joe Veleno in neutral zone.
0:19 of 2nd period - Minor Penalty to Austin Wagner for Hooking.
0:20 of 2nd period - Derick Brassard wins face-off versus Nicholas Merkley in Providence Bruins zone.
0:36 of 2nd period - Snap shot by Stefan Noesen.
0:36 of 2nd period - Deflect By Derick Brassard.
0:36 of 2nd period - Stopped by Trent Miner with a rebound.
1:20 of 2nd period - Wrist shot by John-Jason Peterka.
1:20 of 2nd period - Shot Blocked by Patric Hornqvist.
2:19 of 2nd period - Penalty to Austin Wagner is over, Austin Wagner is back on ice.
2:34 of 2nd period - Wrist shot by Jack Studnicka.
2:34 of 2nd period - Shot Misses the Net.
2:40 of 2nd period - Snap shot by John-Jason Peterka.
2:40 of 2nd period - Shot Misses the Net.
2:42 of 2nd period - Backhand shot by Jordan Spence.
2:42 of 2nd period - Shot Hit the Post.
2:44 of 2nd period - Wrist shot by John-Jason Peterka.
2:44 of 2nd period - Goal by John-Jason Peterka - Espoo Blues : 0 - Providence Bruins : 3.
2:45 of 2nd period - Derick Brassard wins face-off versus Joe Veleno in neutral zone.
2:56 of 2nd period - Snap shot by Joe Snively.
2:56 of 2nd period - Stopped by Trent Miner with a rebound.
2:58 of 2nd period - Snap shot by Logan O'Connor.
2:58 of 2nd period - Stopped by Trent Miner with a rebound.
3:00 of 2nd period - Wrist shot by Logan O'Connor.
3:00 of 2nd period - Deflect By Derick Brassard.
3:00 of 2nd period - Shot Misses the Net.
3:00 of 2nd period - Puck is out of play.
3:01 of 2nd period - Derek Grant wins face-off versus Jordy Bellerive in Providence Bruins zone.
3:02 of 2nd period - Snap shot by Stefan Noesen.
3:02 of 2nd period - Stopped by Trent Miner with a rebound.
3:04 of 2nd period - Snap shot by Stefan Noesen.
3:04 of 2nd period - Shot Misses the Net.
3:12 of 2nd period - Wrist shot by Stefan Noesen.
3:12 of 2nd period - Stopped by Trent Miner with a rebound.
3:14 of 2nd period - Slapshot by Stefan Noesen.
3:14 of 2nd period - Goal by Stefan Noesen - Espoo Blues : 1 - Providence Bruins : 3.
3:15 of 2nd period - Derek Grant wins face-off versus Joe Veleno in neutral zone.
3:19 of 2nd period - Minor Penalty to Kyle Capobianco for Tripping.
3:20 of 2nd period - Derick Brassard wins face-off versus Nicholas Merkley in Providence Bruins zone.
3:20 of 2nd period - Backhand shot by Joe Snively.
3:20 of 2nd period - Shot Misses the Net.
3:22 of 2nd period - Wrist shot by Michael Stone.
3:22 of 2nd period - Stopped by Trent Miner with a rebound.
3:24 of 2nd period - Slapshot by Michael Stone.
3:24 of 2nd period - Deflect By Jordan Spence.
3:24 of 2nd period - Stopped by Trent Miner with a rebound.
4:37 of 2nd period - Mattias Samuelsson is hit by Nicholas Merkley and loses puck.
4:46 of 2nd period - Jacob Moverare is hit by Joe Snively and loses puck.
5:19 of 2nd period - Penalty to Kyle Capobianco is over, Kyle Capobianco is back on ice.
5:25 of 2nd period - Jordan Spence is hit by Cam York and loses puck.
5:53 of 2nd period - Wrist shot by Jack Studnicka.
5:53 of 2nd period - Stopped by Stuart Skinner with a rebound.
6:05 of 2nd period - Wrist shot by Jack Studnicka.
6:05 of 2nd period - Shot Misses the Net.
6:22 of 2nd period - Jordan Spence is hit by Derek Grant and loses puck.
7:36 of 2nd period - Icing by Jared McIsaac.
7:37 of 2nd period - Derek Grant wins face-off versus Logan Hutsko in Providence Bruins zone.
7:42 of 2nd period - Wrist shot by Anton Blidh.
7:42 of 2nd period - Stopped by Trent Miner without a rebound.
7:43 of 2nd period - Joe Veleno wins face-off versus Derick Brassard in Providence Bruins zone.
7:58 of 2nd period - Backhand shot by Joe Veleno.
7:58 of 2nd period - Shot Blocked by Gavin Bayreuther.
8:08 of 2nd period - Snap shot by Derick Brassard.
8:08 of 2nd period - Shot Misses the Net.
8:10 of 2nd period - Snap shot by Stefan Noesen.
8:10 of 2nd period - Stopped by Trent Miner with a rebound.
8:14 of 2nd period - Snap shot by Derek Grant.
8:14 of 2nd period - Stopped by Trent Miner with a rebound.
8:16 of 2nd period - Slapshot by Gavin Bayreuther.
8:16 of 2nd period - Deflect By Brandon Coe.
8:16 of 2nd period - Stopped by Trent Miner with a rebound.
8:18 of 2nd period - Slapshot by Urho Vaakanainen.
8:18 of 2nd period - Stopped by Trent Miner with a rebound.
8:20 of 2nd period - Snap shot by Anton Blidh.
8:20 of 2nd period - Shot Misses the Net.
8:32 of 2nd period - Wrist shot by Patric Hornqvist.
8:32 of 2nd period - Goal by Patric Hornqvist - Espoo Blues : 2 - Providence Bruins : 3.
8:33 of 2nd period - Joe Veleno wins face-off versus Derek Grant in neutral zone.
8:50 of 2nd period - Austin Wagner is hit by Stefan Noesen and loses puck.
9:09 of 2nd period - Snap shot by John-Jason Peterka.
9:09 of 2nd period - Shot Misses the Net.
9:11 of 2nd period - Wrist shot by Jack Studnicka.
9:11 of 2nd period - Shot Misses the Net.
9:13 of 2nd period - Snap shot by John-Jason Peterka.
9:13 of 2nd period - Stopped by Stuart Skinner without a rebound.
9:14 of 2nd period - Jordy Bellerive wins face-off versus Derek Grant in Espoo Blues zone.
9:39 of 2nd period - Joe Snively is hit by Jack Studnicka and loses puck.
10:02 of 2nd period - Fredrik Karlstrom is hit by Cole Schwindt and loses puck.
10:17 of 2nd period - Cole Schwindt is hit by Michael Stone and loses puck.
11:05 of 2nd period - Wrist shot by Nicholas Merkley.
11:05 of 2nd period - Shot Misses the Net.
11:22 of 2nd period - Jack Studnicka is hit by Michael Stone and loses puck.
11:48 of 2nd period - Cole Schwindt is hit by Corey Schueneman and loses puck.
12:36 of 2nd period - Jordy Bellerive is hit by Corey Schueneman.
12:40 of 2nd period - Brandon Coe is hit by Viktor Lodin.
12:44 of 2nd period - Cam York is hit by Nikolai Knyzhov and loses puck.
13:13 of 2nd period - Snap shot by Patric Hornqvist.
13:13 of 2nd period - Deflect By Fredrik Karlstrom.
13:13 of 2nd period - Stopped by Trent Miner with a rebound.
13:19 of 2nd period - Cam York is hit by John-Jason Peterka and loses puck.
13:32 of 2nd period - Chad Ruhwedel is hit by Logan Hutsko and loses puck.
14:18 of 2nd period - Patric Hornqvist is hit by Cole Schwindt and loses puck.
14:58 of 2nd period - Marc Del Gaizo is hit by Derek Grant and loses puck.
15:15 of 2nd period - Wrist shot by Michal Teply.
15:15 of 2nd period - Deflect By Jordy Bellerive.
15:15 of 2nd period - Stopped by Stuart Skinner without a rebound.
15:16 of 2nd period - Viktor Lodin wins face-off versus Jordy Bellerive in Espoo Blues zone.
15:23 of 2nd period - Backhand shot by Mattias Samuelsson.
15:23 of 2nd period - Stopped by Trent Miner with a rebound.
15:25 of 2nd period - Backhand shot by Michael Stone.
15:25 of 2nd period - Shot Misses the Net.
15:27 of 2nd period - Wrist shot by Viktor Lodin.
15:27 of 2nd period - Stopped by Trent Miner with a rebound.
15:39 of 2nd period - Slapshot by Jordan Spence.
15:39 of 2nd period - Deflect By Michael Stone.
15:39 of 2nd period - Stopped by Stuart Skinner with a rebound.
16:01 of 2nd period - Snap shot by Nicholas Merkley.
16:01 of 2nd period - Shot Misses the Net.
16:03 of 2nd period - Snap shot by Nikolai Knyzhov.
16:03 of 2nd period - Stopped by Stuart Skinner with a rebound.
16:05 of 2nd period - Wrist shot by Nicholas Merkley.
16:05 of 2nd period - Shot Misses the Net.
16:34 of 2nd period - Patric Hornqvist is hit by Kyle Capobianco and loses puck.
16:41 of 2nd period - Wrist shot by Jordy Bellerive.
16:41 of 2nd period - Shot Misses the Net.
16:43 of 2nd period - Slapshot by Jared McIsaac.
16:43 of 2nd period - Stopped by Stuart Skinner with a rebound.
16:45 of 2nd period - Snap shot by Samuel Bolduc.
16:45 of 2nd period - Stopped by Stuart Skinner without a rebound.
16:46 of 2nd period - Joe Veleno wins face-off versus Derick Brassard in Espoo Blues zone.
16:47 of 2nd period - Snap shot by Cole Schwindt.
16:47 of 2nd period - Shot Blocked by Mattias Samuelsson.
16:55 of 2nd period - Wrist shot by Derick Brassard.
16:55 of 2nd period - Stopped by Trent Miner with a rebound.
16:57 of 2nd period - Snap shot by Joe Snively.
16:57 of 2nd period - Stopped by Trent Miner with a rebound.
16:59 of 2nd period - Wrist shot by Joe Snively.
16:59 of 2nd period - Stopped by Trent Miner with a rebound.
17:18 of 2nd period - Snap shot by Nicholas Merkley.
17:18 of 2nd period - Shot Blocked by Michael Stone.
17:20 of 2nd period - Snap shot by Nicholas Merkley.
17:20 of 2nd period - Deflect By John-Jason Peterka.
17:20 of 2nd period - Stopped by Stuart Skinner with a rebound.
17:22 of 2nd period - Snap shot by Nicholas Merkley.
17:22 of 2nd period - Goal by Nicholas Merkley - Espoo Blues : 2 - Providence Bruins : 4.
17:22 of 2nd period - Spencer Knight enters game.
17:23 of 2nd period - Joe Veleno wins face-off versus Derick Brassard in neutral zone.
17:28 of 2nd period - Wrist shot by Joe Veleno.
17:28 of 2nd period - Stopped by Spencer Knight with a rebound.
17:57 of 2nd period - Snap shot by Nicholas Merkley.
17:57 of 2nd period - Stopped by Spencer Knight with a rebound.
18:15 of 2nd period - Cam York is hit by Jordy Bellerive and loses puck.
18:30 of 2nd period - Snap shot by Logan Hutsko.
18:30 of 2nd period - Shot Misses the Net.
18:32 of 2nd period - Slapshot by Jared McIsaac.
18:32 of 2nd period - Stopped by Spencer Knight with a rebound.
19:00 of 2nd period - Samuel Bolduc is hit by Anton Blidh and loses puck.
19:13 of 2nd period - Snap shot by Derick Brassard.
19:13 of 2nd period - Shot Misses the Net.
19:15 of 2nd period - Slapshot by Gavin Bayreuther.
19:15 of 2nd period - Deflect By Joe Snively.
19:15 of 2nd period - Goal by Joe Snively - Espoo Blues : 3 - Providence Bruins : 4.
19:16 of 2nd period - Derick Brassard wins face-off versus Joe Veleno in neutral zone.
19:49 of 2nd period - Wrist shot by Jordy Bellerive.
19:49 of 2nd period - Stopped by Spencer Knight without a rebound.
19:50 of 2nd period - Jordy Bellerive wins face-off versus Derek Grant in Espoo Blues zone.
19:51 of 2nd period - Slapshot by Kyle Capobianco.
19:51 of 2nd period - Shot Blocked by Cam York.
19:53 of 2nd period - Wrist shot by Brandon Coe.
19:53 of 2nd period - Goal by Brandon Coe - Espoo Blues : 3 - Providence Bruins : 5.
19:54 of 2nd period - John-Jason Peterka wins face-off versus Derek Grant in neutral zone.
Goals for this period are 3 for Espoo Blues vs 3 for Providence Bruins.
Shots for this period are 21 for Espoo Blues vs 15 for Providence Bruins.
3rd period
0:01 of 3rd period - Derek Grant wins face-off versus John-Jason Peterka in neutral zone.
0:06 of 3rd period - Snap shot by Stefan Noesen.
0:06 of 3rd period - Shot Misses the Net.
0:08 of 3rd period - Wrist shot by Derek Grant.
0:08 of 3rd period - Stopped by Trent Miner with a rebound.
0:10 of 3rd period - Wrist shot by Anton Blidh.
0:10 of 3rd period - Stopped by Trent Miner with a rebound.
0:12 of 3rd period - Wrist shot by Stefan Noesen.
0:12 of 3rd period - Shot Misses the Net.
0:14 of 3rd period - Wrist shot by Derek Grant.
0:14 of 3rd period - Deflect By John-Jason Peterka.
0:14 of 3rd period - Stopped by Trent Miner with a rebound.
0:50 of 3rd period - Snap shot by Ridly Greig.
0:50 of 3rd period - Shot Blocked by Jordan Spence.
0:56 of 3rd period - Slapshot by Cam York.
0:56 of 3rd period - Shot Blocked by Jordan Spence.
1:06 of 3rd period - Jordan Spence is hit by Derek Grant and loses puck.
2:52 of 3rd period - Snap shot by Cole Schwindt.
2:52 of 3rd period - Shot Misses the Net.
3:06 of 3rd period - Jordy Bellerive is hit by Stefan Noesen.
3:37 of 3rd period - Slapshot by Nicholas Merkley.
3:37 of 3rd period - Shot Misses the Net.
3:39 of 3rd period - Wrist shot by John-Jason Peterka.
3:39 of 3rd period - Stopped by Spencer Knight with a rebound.
3:41 of 3rd period - Slapshot by Jared McIsaac.
3:41 of 3rd period - Shot Blocked by Gavin Bayreuther.
4:34 of 3rd period - Slapshot by Jordan Spence.
4:34 of 3rd period - Stopped by Spencer Knight without a rebound.
4:35 of 3rd period - John-Jason Peterka wins face-off versus Derek Grant in Espoo Blues zone.
4:36 of 3rd period - Snap shot by Nicholas Merkley.
4:36 of 3rd period - Stopped by Spencer Knight with a rebound.
4:42 of 3rd period - Snap shot by Stefan Noesen.
4:42 of 3rd period - Deflect By Derek Grant.
4:42 of 3rd period - Shot Blocked by Kyle Capobianco.
4:42 of 3rd period - Puck is out of play.
4:43 of 3rd period - Joe Veleno wins face-off versus Fredrik Karlstrom in Providence Bruins zone.
4:48 of 3rd period - Kyle Capobianco is hit by Patric Hornqvist and loses puck.
5:02 of 3rd period - Minor Penalty to Austin Wagner for Holding.
5:03 of 3rd period - Derick Brassard wins face-off versus Nicholas Merkley in Providence Bruins zone.
5:07 of 3rd period - Snap shot by Derick Brassard.
5:07 of 3rd period - Shot Misses the Net.
5:09 of 3rd period - Slapshot by Michael Stone.
5:09 of 3rd period - Deflect By Jacob Moverare.
5:09 of 3rd period - Goal by Michael Stone - Espoo Blues : 4 - Providence Bruins : 5.
5:10 of 3rd period - John-Jason Peterka wins face-off versus Derick Brassard in neutral zone.
5:40 of 3rd period - Jack Studnicka is hit by Patric Hornqvist and loses puck.
5:49 of 3rd period - Slapshot by Jordan Spence.
5:49 of 3rd period - Shot Blocked by Ridly Greig.
5:58 of 3rd period - Icing by Jordan Spence.
5:59 of 3rd period - Derek Grant wins face-off versus Joe Veleno in Providence Bruins zone.
6:26 of 3rd period - Snap shot by Brandon Coe.
6:26 of 3rd period - Shot Misses the Net.
6:28 of 3rd period - Slapshot by Michal Teply.
6:28 of 3rd period - Goal by Michal Teply - Espoo Blues : 4 - Providence Bruins : 6.
6:29 of 3rd period - Derick Brassard wins face-off versus Joe Veleno in neutral zone.
6:38 of 3rd period - Wrist shot by Logan O'Connor.
6:38 of 3rd period - Shot Blocked by Austin Wagner.
6:40 of 3rd period - Wrist shot by Derick Brassard.
6:40 of 3rd period - Stopped by Trent Miner with a rebound.
6:42 of 3rd period - Slapshot by Michael Stone.
6:42 of 3rd period - Shot Blocked by Cole Schwindt.
6:44 of 3rd period - Backhand shot by Michael Stone.
6:44 of 3rd period - Shot Misses the Net.
6:54 of 3rd period - Derek Grant is hit by Jack Studnicka and loses puck.
7:13 of 3rd period - Minor Penalty to Cam York for Hooking.
7:14 of 3rd period - Nicholas Merkley wins face-off versus Logan O'Connor in Espoo Blues zone.
7:24 of 3rd period - Off-side.
7:25 of 3rd period - Jack Studnicka wins face-off versus Derek Grant in neutral zone.
7:36 of 3rd period - Slapshot by Jacob Moverare.
7:36 of 3rd period - Shot Misses the Net.
8:26 of 3rd period - Snap shot by Derick Brassard.
8:26 of 3rd period - Stopped by Trent Miner with a rebound.
9:13 of 3rd period - Penalty to Cam York is over, Cam York is back on ice.
9:24 of 3rd period - Wrist shot by Logan Hutsko.
9:24 of 3rd period - Shot Misses the Net.
9:34 of 3rd period - Slapshot by Michael Stone.
9:34 of 3rd period - Shot Blocked by Jared McIsaac.
9:52 of 3rd period - Snap shot by Cam York.
9:52 of 3rd period - Stopped by Trent Miner with a rebound.
9:54 of 3rd period - Slapshot by Michael Stone.
9:54 of 3rd period - Shot Blocked by Mason Millman.
9:56 of 3rd period - Slapshot by Michael Stone.
9:56 of 3rd period - Stopped by Trent Miner with a rebound.
9:58 of 3rd period - Snap shot by Joe Snively.
9:58 of 3rd period - Stopped by Trent Miner with a rebound.
10:00 of 3rd period - Slapshot by Mattias Samuelsson.
10:00 of 3rd period - Stopped by Trent Miner with a rebound.
10:02 of 3rd period - Snap shot by Joe Snively.
10:02 of 3rd period - Goal by Joe Snively - Espoo Blues : 5 - Providence Bruins : 6.
10:03 of 3rd period - Derek Grant wins face-off versus Joe Veleno in neutral zone.
10:05 of 3rd period - Off-side.
10:06 of 3rd period - Austin Wagner wins face-off versus Derek Grant in neutral zone.
10:41 of 3rd period - Wrist shot by John-Jason Peterka.
10:41 of 3rd period - Stopped by Spencer Knight without a rebound.
10:42 of 3rd period - Jordy Bellerive wins face-off versus Derek Grant in Espoo Blues zone.
11:51 of 3rd period - Kyle Capobianco is hit by Cam York and loses puck.
12:28 of 3rd period - Ridly Greig is hit by Brandon Coe and loses puck.
12:48 of 3rd period - Wrist shot by Fredrik Karlstrom.
12:48 of 3rd period - Stopped by Trent Miner without a rebound.
12:49 of 3rd period - Cole Schwindt wins face-off versus Derek Grant in Providence Bruins zone.
12:56 of 3rd period - Slapshot by Nikolai Knyzhov.
12:56 of 3rd period - Shot Misses the Net.
12:58 of 3rd period - Wrist shot by Joe Veleno.
12:58 of 3rd period - Shot Misses the Net.
13:00 of 3rd period - Snap shot by Joe Veleno.
13:00 of 3rd period - Deflect By Austin Wagner.
13:00 of 3rd period - Shot Misses the Net.
13:00 of 3rd period - Puck is out of play.
13:01 of 3rd period - Derek Grant wins face-off versus John-Jason Peterka in Espoo Blues zone.
13:03 of 3rd period - Minor Penalty to Anton Blidh for Hooking.
13:04 of 3rd period - Michal Teply wins face-off versus Derek Grant in Espoo Blues zone.
13:30 of 3rd period - Logan O'Connor is hit by Nikolai Knyzhov and loses puck.
15:03 of 3rd period - Penalty to Anton Blidh is over, Anton Blidh is back on ice.
15:06 of 3rd period - Minor Penalty to Austin Wagner for Diving.
15:07 of 3rd period - Derick Brassard wins face-off versus John-Jason Peterka in Providence Bruins zone.
15:09 of 3rd period - Snap shot by Derick Brassard.
15:09 of 3rd period - Stopped by Trent Miner with a rebound.
16:09 of 3rd period - Icing by Cam York.
16:10 of 3rd period - John-Jason Peterka wins face-off versus Derick Brassard in Espoo Blues zone.
17:06 of 3rd period - Penalty to Austin Wagner is over, Austin Wagner is back on ice.
17:20 of 3rd period - Snap shot by Brandon Coe.
17:20 of 3rd period - Shot Misses the Net.
17:22 of 3rd period - Snap shot by Brandon Coe.
17:22 of 3rd period - Goal by Brandon Coe - Espoo Blues : 5 - Providence Bruins : 7.
17:23 of 3rd period - Jordy Bellerive wins face-off versus Fredrik Karlstrom in neutral zone.
17:34 of 3rd period - Snap shot by Michal Teply.
17:34 of 3rd period - Stopped by Spencer Knight without a rebound.
17:35 of 3rd period - Jordy Bellerive wins face-off versus Fredrik Karlstrom in Espoo Blues zone.
18:00 of 3rd period - Mattias Samuelsson is hit by Mason Millman.
18:26 of 3rd period - Nicholas Merkley is hit by Stefan Noesen and loses puck.
18:33 of 3rd period - Slapshot by Kyle Capobianco.
18:33 of 3rd period - Stopped by Spencer Knight with a rebound.
19:11 of 3rd period - Wrist shot by Michal Teply.
19:11 of 3rd period - Stopped by Spencer Knight with a rebound.
19:13 of 3rd period - Snap shot by Jacob Moverare.
19:13 of 3rd period - Stopped by Spencer Knight with a rebound.
19:15 of 3rd period - Slapshot by Kyle Capobianco.
19:15 of 3rd period - Shot Misses the Net.
19:17 of 3rd period - Slapshot by Brandon Coe.
19:17 of 3rd period - Shot Misses the Net.
19:19 of 3rd period - Wrist shot by Jordy Bellerive.
19:19 of 3rd period - Stopped by Spencer Knight without a rebound.
19:20 of 3rd period - Jordy Bellerive wins face-off versus Derick Brassard in Espoo Blues zone.
19:23 of 3rd period - Slapshot by Michal Teply.
19:23 of 3rd period - Stopped by Spencer Knight without a rebound.
19:24 of 3rd period - Derick Brassard wins face-off versus Jordy Bellerive in Espoo Blues zone.
Goals for this period are 2 for Espoo Blues vs 2 for Providence Bruins.
Shots for this period are 13 for Espoo Blues vs 12 for Providence Bruins.
Back to the Top